Stars vs Islanders
Created - December 5, 2020 at 00:20
Goals
|
| Stars |
0 |
0 |
2 |
2 |
| Islanders |
0 |
1 |
3 |
4 |
|
Shots
|
| Stars |
11 |
5 |
13 |
29 |
| Islanders |
14 |
8 |
11 |
33 |
|
1st period
No Goal
Penalties :
T.J. Fast (NYI) for Fighting (Major) at 2:23, Shane O'Brien (Dal) for Fighting (Major) at 2:23, Cam Atkinson (Dal) for Holding (Minor) at 15:19, Adam Pineault (NYI) for Slashing (Minor) at 17:32
2nd period
1. Islanders , Fedor Tyutin 1 (Maxim Talbot 6, Tomas Fleischmann 4) at 12:31
Penalties :
Jussi Jokinen (Dal) for Holding (Minor) at 0:51, Mike Brown (NYI) for Hooking (Minor) at 4:54, Boris Valabik (Dal) for Tripping (Minor) at 8:18, Paul Ladue (Dal) for Cross-checking (Minor) at 13:40
3rd period
2. Islanders , Vladimir Tarasenko 13 (Jay Bouwmeester 6, David Legwand 8) at 2:10
3. Islanders , T.J. Fast 1 (Mike Brown 8, Evander Kane 17) at 4:24
4. Stars , Boris Valabik 3 (B.J. Crombeen 8, Alexander Frolov 3) at 12:30
5. Stars , John Tavares 16 (Guillaume Latendresse 17, Michael Grabner 14) at 15:23 (PP)
6. Islanders , Maxim Talbot 5 (Ryan Ellis 23, Jiri Hudler 4) at 17:25
Penalties :
Dustin Byfuglien (NYI) for Holding (Minor) at 14:03, Adam Pineault (NYI) for Holding (Minor) at 17:46
Goalie Stats
Cory Schneider (Dal), 29 saves from 33 shots - (0.879), L, 9-5-0, 60:00 minutes
Jonathan Quick (NYI), 27 saves from 29 shots - (0.931), W, 12-5-0, 60:00 minutes
Players Stats for Stars
Player Name G A P +/- PIM S H SB GA TA FO MP PP MP PK MP
------------------------------------------------------------------------------------
Alex Chiasson 0 0 0 0 0 5 2 0 1 0 0/2 14:17 3:32 0:00
Alexander Frolov 0 1 1 0 0 3 2 1 0 0 0/0 13:05 0:00 1:32
Antoine Vermette 0 0 0 0 0 0 0 0 0 0 7/10 14:34 3:32 0:14
B.J. Crombeen 0 1 1 0 0 0 4 0 0 0 0/1 11:17 0:00 0:00
Boris Valabik 1 0 1 0 2 1 1 0 1 1 0/0 21:15 3:39 2:24
Brian Lee 0 0 0 -2 0 4 0 5 0 1 0/0 28:32 3:38 5:02
Cam Atkinson 0 0 0 0 2 0 1 0 0 0 0/0 6:15 0:00 0:00
Cory Emmerton 0 0 0 0 0 1 0 0 0 0 6/8 11:31 0:00 0:00
Evgeny Grachev 0 0 0 0 0 2 1 1 0 0 0/2 8:35 0:00 2:05
Guillaume Latendresse 0 1 1 -3 0 2 1 1 0 0 2/3 24:05 3:45 4:06
Ian White 0 0 0 -3 0 1 2 1 1 0 0/0 28:40 3:38 4:24
John Tavares 1 0 1 -3 0 1 1 0 1 2 16/35 23:58 3:45 4:01
Jussi Jokinen 0 0 0 0 2 2 3 0 0 0 0/2 15:58 3:32 1:39
Michael Grabner 0 1 1 -3 0 3 2 2 0 1 0/0 21:58 3:45 2:15
Paul Ladue 0 0 0 -1 2 1 1 0 0 0 0/0 11:14 0:00 0:30
Shane O'Brien 0 0 0 1 5 2 0 0 0 1 0/0 19:22 3:39 3:32
Ted Purcell 0 0 0 0 0 1 0 0 0 0 0/0 6:12 0:00 0:00
Tyson Barrie 0 0 0 -1 0 0 0 1 0 0 0/0 11:11 0:00 0:00
Players Stats for Islanders
Player Name G A P +/- PIM S H SB GA TA FO MP PP MP PK MP
------------------------------------------------------------------------------------
Adam Pineault 0 0 0 0 4 2 1 0 0 0 0/0 9:58 0:27 0:00
Carl Klingberg 0 0 0 0 0 0 1 0 0 0 0/0 11:47 0:51 1:27
David Legwand 0 1 1 1 0 1 0 0 1 0 8/17 17:16 3:30 1:30
Dustin Byfuglien 0 0 0 1 2 0 1 4 0 0 0/0 17:34 0:29 2:27
Evander Kane 0 1 1 1 0 3 1 0 1 0 1/1 20:05 3:54 3:52
Fedor Tyutin 1 0 1 1 0 2 1 0 1 0 0/0 17:57 4:24 0:21
Jay Bouwmeester 0 1 1 1 0 1 0 1 0 0 0/0 22:27 3:03 0:00
Jiri Hudler 0 1 1 1 0 1 0 1 0 1 1/1 10:50 0:00 0:00
Joe Thornton 0 0 0 1 0 2 1 1 0 0 16/27 20:05 3:54 3:49
Justin Falk 0 0 0 1 0 4 2 2 0 1 0/0 16:30 0:00 4:29
Maxim Talbot 1 1 2 1 0 3 4 1 1 0 4/8 12:59 0:00 1:58
Mike Brown 0 1 1 1 2 4 0 0 0 0 0/0 15:24 3:08 0:00
Ryan Ellis 0 1 1 1 0 2 1 1 0 1 0/0 27:21 4:24 4:11
T.J. Fast 1 0 1 1 5 2 0 0 0 1 0/0 18:09 3:32 3:06
Tomas Fleischmann 0 1 1 1 0 1 1 0 0 0 0/1 14:04 3:11 0:00
Tomas Plekanec 0 0 0 0 0 4 0 0 0 0 1/6 9:18 0:00 0:00
Vladimir Tarasenko 1 0 1 1 0 1 1 2 1 0 0/1 16:14 4:18 0:00
Zac Rinaldo 0 0 0 1 0 0 1 2 1 0 1/1 14:40 0:35 1:58
3 Stars
1 - Maxim Talbot (NYI)
2 - Vladimir Tarasenko (NYI)
3 - Fedor Tyutin (NYI)
Power Play
Stars - 1 on 4 Attempt(s) - 25.00%
Islanders - 0 on 4 Attempt(s) - 0.00%
Penalty Kill
Stars - 4 on 4 Attempt(s) - 100.00%
- Score 0 goal in Penalty Kill
Islanders - 3 on 4 Attempt(s) - 75.00%
- Score 0 goal in Penalty Kill
Team Stat
Stars - Hits : 21 - Faceoff Wins : 31 - Blocked Shots : 12 - Penalty Minutes : 13
Islanders - Hits : 16 - Faceoff Wins : 32 - Blocked Shots : 15 - Penalty Minutes : 13
Official
Referees : Unknown
Linesman : Unknown
Game Notes
T.J. Fast and Shane O'Brien fight to a draw at 2:23 of 1st period
4:24 of 3rd period - Islanders goal is going for a video replay. After video review, Goal.
Finance
Level 1 -- Attendance: 4587 (76.45%) -- Ticket Income $527,505
Level 2 -- Attendance: 5000 (100.00%) -- Ticket Income $325,000
Level 3 -- Attendance: 1674 (83.70%) -- Ticket Income $75,330
Level 4 -- Attendance: 2789 (69.73%) -- Ticket Income $97,615
Luxury Box -- Attendance: 854 (85.40%) -- Ticket Income $170,800
Game was played at the Barclay center.
Total Attendance: 14904 (82.80%)
Total Ticket Income: $1,196,250
Other Income: $179,438
Total Income: $1,375,688
Stars
5 vs 5 Forward
Center Left Wing Right Wing Time % Phy DF OF
1 John Tavares Guillaume Latendresse Michael Grabner 40 1 2 2
2 Antoine Vermette Jussi Jokinen Alex Chiasson 30 1 2 2
3 Cory Emmerton Alexander Frolov B.J. Crombeen 20 1 2 2
4 Evgeny Grachev Ted Purcell Cam Atkinson 10 1 2 2
5 vs 5 Defense
Defense Defense Time % Phy DF OF
1 Ian White Brian Lee 40 1 2 2
2 Shane O'Brien Boris Valabik 30 1 2 2
3 Tyson Barrie Paul Ladue 20 1 2 2
4 Ian White Brian Lee 10 1 2 2
PowerPlay Forward
Center Left Wing Right Wing Time % Phy DF OF
1 John Tavares Guillaume Latendresse Michael Grabner 60 0 2 3
2 Antoine Vermette Jussi Jokinen Alex Chiasson 40 0 2 3
PowerPlay Defense
Defense Defense Time % Phy DF OF
1 Ian White Brian Lee 60 0 2 3
2 Shane O'Brien Boris Valabik 40 0 2 3
Penalty Kill 4 Players Forward
Center Wing Time % Phy DF OF
1 John Tavares Guillaume Latendresse 60 0 3 2
2 Jussi Jokinen Michael Grabner 40 0 3 2
Penalty Kill 4 Players Defense
Defense Defense Time % Phy DF OF
1 Ian White Brian Lee 60 0 3 2
2 Shane O'Brien Boris Valabik 40 0 3 2
Penalty Kill - 3 Players Forward
Forward Time % Phy DF OF
1 John Tavares 60 0 3 2
2 Guillaume Latendresse 40 0 3 2
Penalty Kill - 3 Players Defense
Defense Defense Time % Phy DF OF
1 Ian White Brian Lee 60 0 3 2
2 Shane O'Brien Boris Valabik 40 0 3 2
4 vs 4 Forward
Center Wing Time % Phy DF OF
1 John Tavares Guillaume Latendresse 60 0 2 3
2 Jussi Jokinen Michael Grabner 40 0 2 3
4 vs 4 Defense
Defense Defense Time % Phy DF OF
1 Ian White Brian Lee 60 0 2 3
2 Shane O'Brien Boris Valabik 40 0 2 3
Last Minutes Offensive
Center Left Wing Right Wing Defense Defense
John Tavares Guillaume Latendresse Michael Grabner Ian White Brian Lee
Last Minutes Defensive
Center Left Wing Right Wing Defense Defense
John Tavares Guillaume Latendresse Michael Grabner Ian White Brian Lee
Goaltenders
Starting : Cory Schneider
Backup : Matt Murray
Extra Forwards
Normal : Alexander Frolov, Cory Emmerton, Evgeny Grachev - PP : Alexander Frolov, Cory Emmerton - PK : Evgeny Grachev
Extra Defensemen
Normal : Tyson Barrie, Paul Ladue, Shane O'Brien - PP : Tyson Barrie - PK : Paul Ladue, Shane O'Brien
Penalty Shots
John Tavares, Guillaume Latendresse, Jussi Jokinen, Michael Grabner, Antoine Vermette
Scratches
Andrej Sustr (Healthy), Damien Brunner (Healthy)
Islanders
5 vs 5 Forward
Center Left Wing Right Wing Time % Phy DF OF
1 Joe Thornton Evander Kane Mike Brown 32 2 1 2
2 David Legwand Zac Rinaldo Vladimir Tarasenko 32 1 2 2
3 Maxim Talbot Tomas Fleischmann Jiri Hudler 19 1 2 2
4 Tomas Plekanec Carl Klingberg Adam Pineault 17 1 2 2
5 vs 5 Defense
Defense Defense Time % Phy DF OF
1 Ryan Ellis Jay Bouwmeester 43 1 1 3
2 Fedor Tyutin Dustin Byfuglien 32 2 1 2
3 T.J. Fast Justin Falk 25 2 2 1
4 Ryan Ellis Fedor Tyutin 0 1 2 2
PowerPlay Forward
Center Left Wing Right Wing Time % Phy DF OF
1 Joe Thornton Evander Kane Vladimir Tarasenko 60 0 1 4
2 David Legwand Tomas Fleischmann Mike Brown 40 0 1 4
PowerPlay Defense
Defense Defense Time % Phy DF OF
1 Ryan Ellis Fedor Tyutin 60 0 2 3
2 Jay Bouwmeester T.J. Fast 40 0 2 3
Penalty Kill 4 Players Forward
Center Wing Time % Phy DF OF
1 Joe Thornton Evander Kane 60 2 3 0
2 Maxim Talbot Zac Rinaldo 40 2 3 0
Penalty Kill 4 Players Defense
Defense Defense Time % Phy DF OF
1 Ryan Ellis Justin Falk 60 1 3 1
2 Dustin Byfuglien T.J. Fast 40 2 2 1
Penalty Kill - 3 Players Forward
Forward Time % Phy DF OF
1 Evander Kane 60 2 3 0
2 Tomas Plekanec 40 1 4 0
Penalty Kill - 3 Players Defense
Defense Defense Time % Phy DF OF
1 Ryan Ellis Justin Falk 60 2 3 0
2 Jay Bouwmeester T.J. Fast 40 3 2 0
4 vs 4 Forward
Center Wing Time % Phy DF OF
1 Joe Thornton Vladimir Tarasenko 60 1 1 3
2 Maxim Talbot Evander Kane 40 1 1 3
4 vs 4 Defense
Defense Defense Time % Phy DF OF
1 Ryan Ellis Jay Bouwmeester 60 1 2 2
2 Fedor Tyutin T.J. Fast 40 1 2 2
Last Minutes Offensive
Center Left Wing Right Wing Defense Defense
Joe Thornton Evander Kane Vladimir Tarasenko Ryan Ellis Fedor Tyutin
Last Minutes Defensive
Center Left Wing Right Wing Defense Defense
Joe Thornton Evander Kane Vladimir Tarasenko Ryan Ellis Fedor Tyutin
Goaltenders
Starting : Jonathan Quick
Backup : Julien Ellis
Extra Forwards
Normal : Evander Kane, Maxim Talbot, Vladimir Tarasenko - PP : Evander Kane, Zac Rinaldo - PK : Evander Kane
Extra Defensemen
Normal : Ryan Ellis, Justin Falk, Jay Bouwmeester - PP : Ryan Ellis - PK : Justin Falk, T.J. Fast
Penalty Shots
Evander Kane, Vladimir Tarasenko, Maxim Talbot, Dustin Byfuglien, Joe Thornton
Scratches
R.J. Umberger (Healthy)
% Time on Ice - Stars
Lines # - Real PCT - Wanted PCT - Time Play
Normal Forward
1 - 37% - 40% - 16:30
2 - 24% - 30% - 10:48
3 - 25% - 20% - 11:17
4 - 14% - 10% - 6:12
Normal Defense
1 - 43% - 40% - 19:07
2 - 31% - 30% - 13:41
3 - 23% - 20% - 10:19
4 - 4% - 10% - 1:40
PP Forward
1 - 51% - 60% - 3:45
2 - 49% - 40% - 3:32
PP Defense
1 - 50% - 60% - 3:38
2 - 50% - 40% - 3:39
PK Forward
1 - 72% - 60% - 5:41
2 - 28% - 40% - 2:15
PK Defense
1 - 54% - 60% - 4:19
2 - 46% - 40% - 3:37
PK3 Forward
1 - 0% - 60%
2 - 0% - 40%
PK3 Defense
1 - 0% - 60%
2 - 0% - 40%
44 Forward
1 - 0% - 60%
2 - 0% - 40%
44 Defense
1 - 0% - 60%
2 - 0% - 40%
Last Minute Offensive - 0:00
Last Minute Defensive - 0:00
Total
Forward - 60:00
Defense - 60:00
|
% Time on Ice - Islanders
Lines # - Real PCT - Wanted PCT - Time Play
Normal Forward
1 - 28% - 32% - 12:30
2 - 27% - 32% - 12:09
3 - 24% - 19% - 10:50
4 - 21% - 17% - 9:18
Normal Defense
1 - 41% - 43% - 18:14
2 - 32% - 32% - 14:30
3 - 24% - 25% - 10:37
4 - 3% - 0% - 1:26
PP Forward
1 - 56% - 60% - 4:26
2 - 44% - 40% - 3:30
PP Defense
1 - 55% - 60% - 4:24
2 - 45% - 40% - 3:32
PK Forward
1 - 73% - 60% - 5:19
2 - 27% - 40% - 1:58
PK Defense
1 - 57% - 60% - 4:11
2 - 43% - 40% - 3:06
PK3 Forward
1 - 0% - 60%
2 - 0% - 40%
PK3 Defense
1 - 0% - 60%
2 - 0% - 40%
44 Forward
1 - 0% - 60%
2 - 0% - 40%
44 Defense
1 - 0% - 60%
2 - 0% - 40%
Last Minute Offensive - 0:00
Last Minute Defensive - 0:00
Total
Forward - 60:00
Defense - 60:00
|
Play-by-Play
1st period
0:01 of 1st period - Joe Thornton wins face-off versus John Tavares in neutral zone.
0:16 of 1st period - Snap shot by Michael Grabner.
0:16 of 1st period - Stopped by Jonathan Quick with a rebound.
0:34 of 1st period - Snap shot by Jussi Jokinen.
0:34 of 1st period - Stopped by Jonathan Quick without a rebound.
0:35 of 1st period - Maxim Talbot wins face-off versus Jussi Jokinen in Islanders zone.
1:02 of 1st period - Dustin Byfuglien is hit by Alexander Frolov.
1:10 of 1st period - Wrist shot by Alexander Frolov.
1:10 of 1st period - Stopped by Jonathan Quick with a rebound.
1:24 of 1st period - Wrist shot by Vladimir Tarasenko.
1:24 of 1st period - Shot Misses the Net.
1:46 of 1st period - Snap shot by Evander Kane.
1:46 of 1st period - Stopped by Cory Schneider with a rebound.
2:06 of 1st period - Wrist shot by Maxim Talbot.
2:06 of 1st period - Stopped by Cory Schneider without a rebound.
2:07 of 1st period - Cory Emmerton wins face-off versus Maxim Talbot in Stars zone.
2:23 of 1st period - T.J. Fast and Shane O'Brien fight to a draw.
2:23 of 1st period - Penalty to T.J. Fast for Fighting.
2:23 of 1st period - Penalty to Shane O'Brien for Fighting.
2:24 of 1st period - John Tavares wins face-off versus David Legwand in neutral zone.
3:37 of 1st period - Wrist shot by Vladimir Tarasenko.
3:37 of 1st period - Shot Misses the Net.
4:06 of 1st period - John Tavares is hit by Maxim Talbot and loses puck.
4:23 of 1st period - Slapshot by Jussi Jokinen.
4:23 of 1st period - Stopped by Jonathan Quick with a rebound.
4:41 of 1st period - Justin Falk is hit by Alexander Frolov and loses puck.
4:52 of 1st period - Tomas Plekanec is hit by Boris Valabik and loses puck.
5:02 of 1st period - Off-side.
5:03 of 1st period - Zac Rinaldo wins face-off versus Evgeny Grachev in neutral zone.
5:14 of 1st period - Wrist shot by Ted Purcell.
5:14 of 1st period - Stopped by Jonathan Quick without a rebound.
5:15 of 1st period - John Tavares wins face-off versus David Legwand in Islanders zone.
5:20 of 1st period - Slapshot by Michael Grabner.
5:20 of 1st period - Shot Misses the Net.
5:22 of 1st period - Backhand shot by Guillaume Latendresse.
5:22 of 1st period - Stopped by Jonathan Quick with a rebound.
5:24 of 1st period - Slapshot by Ian White.
5:24 of 1st period - Stopped by Jonathan Quick with a rebound.
5:26 of 1st period - Wrist shot by Brian Lee.
5:26 of 1st period - Stopped by Jonathan Quick without a rebound.
5:27 of 1st period - Joe Thornton wins face-off versus John Tavares in Islanders zone.
8:05 of 1st period - John Tavares is hit by Ryan Ellis and loses puck.
8:32 of 1st period - Alex Chiasson is hit by Justin Falk and loses puck.
9:28 of 1st period - Snap shot by Jiri Hudler.
9:28 of 1st period - Stopped by Cory Schneider without a rebound.
9:29 of 1st period - Antoine Vermette wins face-off versus Joe Thornton in Stars zone.
9:44 of 1st period - Snap shot by Alex Chiasson.
9:44 of 1st period - Stopped by Jonathan Quick without a rebound.
9:45 of 1st period - John Tavares wins face-off versus David Legwand in Islanders zone.
9:48 of 1st period - Wrist shot by Guillaume Latendresse.
9:48 of 1st period - Shot Blocked by Zac Rinaldo.
9:56 of 1st period - Snap shot by Guillaume Latendresse.
9:56 of 1st period - Deflect By Ryan Ellis.
9:56 of 1st period - Shot Blocked by Ryan Ellis.
9:56 of 1st period - Puck is out of play.
9:57 of 1st period - John Tavares wins face-off versus Joe Thornton in Islanders zone.
10:04 of 1st period - Wrist shot by Michael Grabner.
10:04 of 1st period - Stopped by Jonathan Quick with a rebound.
10:48 of 1st period - Icing by Shane O'Brien.
10:49 of 1st period - Cory Emmerton wins face-off versus Tomas Plekanec in Stars zone.
10:49 of 1st period - Cory Emmerton is hit by Carl Klingberg.
11:25 of 1st period - Snap shot by Carl Klingberg.
11:25 of 1st period - Shot Misses the Net.
11:46 of 1st period - Slapshot by Cory Emmerton.
11:46 of 1st period - Shot Blocked by Justin Falk.
11:57 of 1st period - Snap shot by Adam Pineault.
11:57 of 1st period - Shot Misses the Net.
11:59 of 1st period - Slapshot by Justin Falk.
11:59 of 1st period - Stopped by Cory Schneider with a rebound.
12:03 of 1st period - Snap shot by Adam Pineault.
12:03 of 1st period - Deflect By Tomas Plekanec.
12:03 of 1st period - Stopped by Cory Schneider with a rebound.
12:17 of 1st period - Snap shot by Tomas Plekanec.
12:17 of 1st period - Stopped by Cory Schneider with a rebound.
12:19 of 1st period - Wrist shot by Tomas Plekanec.
12:19 of 1st period - Shot Misses the Net.
12:21 of 1st period - Slapshot by T.J. Fast.
12:21 of 1st period - Stopped by Cory Schneider with a rebound.
12:23 of 1st period - Slapshot by Justin Falk.
12:23 of 1st period - Stopped by Cory Schneider with a rebound.
12:25 of 1st period - Slapshot by Justin Falk.
12:25 of 1st period - Shot Misses the Net.
12:27 of 1st period - Snap shot by Tomas Plekanec.
12:27 of 1st period - Shot Misses the Net.
12:29 of 1st period - Slapshot by Carl Klingberg.
12:29 of 1st period - Shot Blocked by Alexander Frolov.
12:45 of 1st period - Wrist shot by Justin Falk.
12:45 of 1st period - Stopped by Cory Schneider with a rebound.
12:47 of 1st period - Backhand shot by Tomas Plekanec.
12:47 of 1st period - Stopped by Cory Schneider with a rebound.
12:55 of 1st period - Wrist shot by Adam Pineault.
12:55 of 1st period - Stopped by Cory Schneider with a rebound.
12:59 of 1st period - Wrist shot by Adam Pineault.
12:59 of 1st period - Stopped by Cory Schneider without a rebound.
13:00 of 1st period - Joe Thornton wins face-off versus John Tavares in Stars zone.
13:27 of 1st period - Off-side.
13:28 of 1st period - Jiri Hudler wins face-off versus Alex Chiasson in neutral zone.
13:36 of 1st period - Off-side.
13:37 of 1st period - John Tavares wins face-off versus David Legwand in neutral zone.
14:06 of 1st period - Wrist shot by Shane O'Brien.
14:06 of 1st period - Deflect By Antoine Vermette.
14:06 of 1st period - Shot Blocked by Dustin Byfuglien.
14:06 of 1st period - Puck is out of play.
14:07 of 1st period - Joe Thornton wins face-off versus Antoine Vermette in Islanders zone.
14:15 of 1st period - Icing by Ian White.
14:16 of 1st period - Antoine Vermette wins face-off versus Joe Thornton in Stars zone.
14:34 of 1st period - Evander Kane is hit by Ian White and loses puck.
14:48 of 1st period - Off-side.
14:49 of 1st period - David Legwand wins face-off versus John Tavares in neutral zone.
15:00 of 1st period - Fedor Tyutin is hit by Guillaume Latendresse and loses puck.
15:19 of 1st period - Minor Penalty to Cam Atkinson for Holding.
15:20 of 1st period - John Tavares wins face-off versus Joe Thornton in Stars zone.
15:20 of 1st period - John Tavares is hit by Evander Kane.
15:25 of 1st period - Slapshot by Evander Kane.
15:25 of 1st period - Deflect By Joe Thornton.
15:25 of 1st period - Shot Misses the Net.
15:25 of 1st period - Puck is out of play.
15:26 of 1st period - Joe Thornton wins face-off versus John Tavares in Stars zone.
15:33 of 1st period - Slapshot by Evander Kane.
15:33 of 1st period - Shot Misses the Net.
15:41 of 1st period - Backhand shot by Ryan Ellis.
15:41 of 1st period - Shot Blocked by Brian Lee.
15:43 of 1st period - Wrist shot by Fedor Tyutin.
15:43 of 1st period - Stopped by Cory Schneider with a rebound.
15:55 of 1st period - Snap shot by David Legwand.
15:55 of 1st period - Deflect By Mike Brown.
15:55 of 1st period - Shot Blocked by Brian Lee.
15:55 of 1st period - Puck is out of play.
15:56 of 1st period - Guillaume Latendresse wins face-off versus David Legwand in Stars zone.
16:07 of 1st period - Slapshot by Jay Bouwmeester.
16:07 of 1st period - Deflect By David Legwand.
16:07 of 1st period - Stopped by Cory Schneider with a rebound.
17:19 of 1st period - Penalty to Cam Atkinson is over, Cam Atkinson is back on ice.
17:30 of 1st period - Snap shot by Alex Chiasson.
17:30 of 1st period - Stopped by Jonathan Quick with a rebound.
17:32 of 1st period - Minor Penalty to Adam Pineault for Slashing.
17:33 of 1st period - Joe Thornton wins face-off versus Antoine Vermette in Islanders zone.
18:00 of 1st period - Ryan Ellis is hit by John Tavares and loses puck.
19:09 of 1st period - Guillaume Latendresse is hit by Dustin Byfuglien and loses puck.
19:32 of 1st period - Penalty to Adam Pineault is over, Adam Pineault is back on ice.
Goals for this period are 0 for Stars vs 0 for Islanders.
Shots for this period are 11 for Stars vs 14 for Islanders.
2nd period
0:01 of 2nd period - David Legwand wins face-off versus Guillaume Latendresse in neutral zone.
0:04 of 2nd period - Slapshot by Jay Bouwmeester.
0:04 of 2nd period - Stopped by Cory Schneider without a rebound.
0:05 of 2nd period - David Legwand wins face-off versus John Tavares in Stars zone.
0:14 of 2nd period - Snap shot by Guillaume Latendresse.
0:14 of 2nd period - Stopped by Jonathan Quick with a rebound.
0:34 of 2nd period - Snap shot by Maxim Talbot.
0:34 of 2nd period - Shot Blocked by Brian Lee.
0:36 of 2nd period - Slapshot by Ryan Ellis.
0:36 of 2nd period - Stopped by Cory Schneider without a rebound.
0:37 of 2nd period - Antoine Vermette wins face-off versus Maxim Talbot in Stars zone.
0:51 of 2nd period - Minor Penalty to Jussi Jokinen for Holding.
0:52 of 2nd period - John Tavares wins face-off versus Joe Thornton in Stars zone.
1:06 of 2nd period - Snap shot by Evander Kane.
1:06 of 2nd period - Shot Misses the Net.
1:08 of 2nd period - Slapshot by Vladimir Tarasenko.
1:08 of 2nd period - Shot Blocked by Ian White.
1:18 of 2nd period - John Tavares is hit by Tomas Fleischmann and loses puck.
2:24 of 2nd period - Evander Kane is hit by Evgeny Grachev and loses puck.
2:51 of 2nd period - Penalty to Jussi Jokinen is over, Jussi Jokinen is back on ice.
3:42 of 2nd period - Dustin Byfuglien is hit by B.J. Crombeen and loses puck.
4:45 of 2nd period - T.J. Fast is hit by B.J. Crombeen and loses puck.
4:54 of 2nd period - Minor Penalty to Mike Brown for Hooking.
4:55 of 2nd period - John Tavares wins face-off versus Joe Thornton in Islanders zone.
4:56 of 2nd period - Slapshot by Brian Lee.
4:56 of 2nd period - Shot Misses the Net.
5:27 of 2nd period - Slapshot by Ian White.
5:27 of 2nd period - Shot Blocked by Zac Rinaldo.
6:54 of 2nd period - Penalty to Mike Brown is over, Mike Brown is back on ice.
7:00 of 2nd period - Snap shot by Alexander Frolov.
7:00 of 2nd period - Stopped by Jonathan Quick without a rebound.
7:01 of 2nd period - Maxim Talbot wins face-off versus Cory Emmerton in Islanders zone.
7:49 of 2nd period - Zac Rinaldo is hit by Cam Atkinson and loses puck.
7:54 of 2nd period - Snap shot by Evgeny Grachev.
7:54 of 2nd period - Stopped by Jonathan Quick without a rebound.
7:55 of 2nd period - John Tavares wins face-off versus Joe Thornton in Islanders zone.
8:18 of 2nd period - Minor Penalty to Boris Valabik for Tripping.
8:19 of 2nd period - John Tavares wins face-off versus Joe Thornton in Stars zone.
8:46 of 2nd period - Ryan Ellis is hit by Ian White and loses puck.
8:55 of 2nd period - Snap shot by Brian Lee.
8:55 of 2nd period - Shot Misses the Net.
10:18 of 2nd period - Penalty to Boris Valabik is over, Boris Valabik is back on ice.
10:27 of 2nd period - John Tavares is hit by Fedor Tyutin and loses puck.
10:38 of 2nd period - Tyson Barrie is hit by Maxim Talbot and loses puck.
11:25 of 2nd period - Slapshot by Cam Atkinson.
11:25 of 2nd period - Shot Blocked by Dustin Byfuglien.
11:51 of 2nd period - Snap shot by Maxim Talbot.
11:51 of 2nd period - Shot Misses the Net.
12:27 of 2nd period - Snap shot by Tomas Fleischmann.
12:27 of 2nd period - Shot Misses the Net.
12:29 of 2nd period - Snap shot by Maxim Talbot.
12:29 of 2nd period - Shot Misses the Net.
12:31 of 2nd period - Wrist shot by Fedor Tyutin.
12:31 of 2nd period - Goal by Fedor Tyutin - Stars : 0 - Islanders : 1.
12:32 of 2nd period - Joe Thornton wins face-off versus John Tavares in neutral zone.
12:35 of 2nd period - Slapshot by Ryan Ellis.
12:35 of 2nd period - Shot Misses the Net.
12:41 of 2nd period - Snap shot by Mike Brown.
12:41 of 2nd period - Stopped by Cory Schneider without a rebound.
12:42 of 2nd period - Joe Thornton wins face-off versus John Tavares in Stars zone.
12:47 of 2nd period - Slapshot by Evander Kane.
12:47 of 2nd period - Shot Misses the Net.
12:49 of 2nd period - Slapshot by Jay Bouwmeester.
12:49 of 2nd period - Shot Blocked by Tyson Barrie.
12:51 of 2nd period - Snap shot by Joe Thornton.
12:51 of 2nd period - Stopped by Cory Schneider with a rebound.
12:53 of 2nd period - Slapshot by Joe Thornton.
12:53 of 2nd period - Deflect By Evander Kane.
12:53 of 2nd period - Stopped by Cory Schneider with a rebound.
12:55 of 2nd period - Snap shot by Joe Thornton.
12:55 of 2nd period - Shot Misses the Net.
12:57 of 2nd period - Snap shot by Evander Kane.
12:57 of 2nd period - Shot Blocked by Michael Grabner.
12:59 of 2nd period - Wrist shot by Ryan Ellis.
12:59 of 2nd period - Stopped by Cory Schneider with a rebound.
13:01 of 2nd period - Snap shot by Mike Brown.
13:01 of 2nd period - Stopped by Cory Schneider with a rebound.
13:40 of 2nd period - Minor Penalty to Paul Ladue for Cross-checking.
13:41 of 2nd period - Joe Thornton wins face-off versus John Tavares in Stars zone.
13:55 of 2nd period - Ian White is hit by Vladimir Tarasenko and loses puck.
15:40 of 2nd period - Penalty to Paul Ladue is over, Paul Ladue is back on ice.
15:49 of 2nd period - Snap shot by Jussi Jokinen.
15:49 of 2nd period - Shot Blocked by Maxim Talbot.
15:51 of 2nd period - Slapshot by Antoine Vermette.
15:51 of 2nd period - Shot Blocked by Dustin Byfuglien.
15:53 of 2nd period - Slapshot by Jussi Jokinen.
15:53 of 2nd period - Shot Misses the Net.
16:31 of 2nd period - Antoine Vermette is hit by Adam Pineault and loses puck.
16:44 of 2nd period - Wrist shot by Alex Chiasson.
16:44 of 2nd period - Shot Misses the Net.
16:58 of 2nd period - Ryan Ellis is hit by Michael Grabner and loses puck.
17:22 of 2nd period - Icing by Justin Falk.
17:23 of 2nd period - Antoine Vermette wins face-off versus Tomas Plekanec in Islanders zone.
17:40 of 2nd period - Adam Pineault is hit by Alex Chiasson and loses puck.
17:58 of 2nd period - Off-side.
17:59 of 2nd period - David Legwand wins face-off versus John Tavares in neutral zone.
18:33 of 2nd period - Snap shot by Alex Chiasson.
18:33 of 2nd period - Stopped by Jonathan Quick with a rebound.
18:35 of 2nd period - Snap shot by Jussi Jokinen.
18:35 of 2nd period - Shot Blocked by Joe Thornton.
18:44 of 2nd period - Off-side.
18:45 of 2nd period - Cory Emmerton wins face-off versus Maxim Talbot in neutral zone.
18:50 of 2nd period - Wrist shot by Cory Emmerton.
18:50 of 2nd period - Shot Misses the Net.
18:52 of 2nd period - Wrist shot by B.J. Crombeen.
18:52 of 2nd period - Shot Misses the Net.
18:54 of 2nd period - Wrist shot by Shane O'Brien.
18:54 of 2nd period - Deflect By Jiri Hudler.
18:54 of 2nd period - Stopped by Jonathan Quick with a rebound.
19:17 of 2nd period - Slapshot by Brian Lee.
19:17 of 2nd period - Shot Misses the Net.
Goals for this period are 0 for Stars vs 1 for Islanders.
Shots for this period are 5 for Stars vs 8 for Islanders.
3rd period
0:01 of 3rd period - David Legwand wins face-off versus John Tavares in neutral zone.
0:27 of 3rd period - Icing by Ryan Ellis.
0:28 of 3rd period - Evander Kane wins face-off versus Jussi Jokinen in Islanders zone.
0:28 of 3rd period - Evander Kane is hit by Alex Chiasson.
1:22 of 3rd period - Snap shot by Cory Emmerton.
1:22 of 3rd period - Shot Misses the Net.
1:41 of 3rd period - Off-side.
1:42 of 3rd period - Joe Thornton wins face-off versus Evgeny Grachev in neutral zone.
1:58 of 3rd period - Wrist shot by Evgeny Grachev.
1:58 of 3rd period - Stopped by Jonathan Quick without a rebound.
1:59 of 3rd period - David Legwand wins face-off versus John Tavares in Islanders zone.
2:06 of 3rd period - Snap shot by Vladimir Tarasenko.
2:06 of 3rd period - Shot Misses the Net.
2:08 of 3rd period - Wrist shot by David Legwand.
2:08 of 3rd period - Shot Misses the Net.
2:10 of 3rd period - Slapshot by Jay Bouwmeester.
2:10 of 3rd period - Deflect By Vladimir Tarasenko.
2:10 of 3rd period - Goal by Vladimir Tarasenko - Stars : 0 - Islanders : 2.
2:11 of 3rd period - John Tavares wins face-off versus David Legwand in neutral zone.
2:16 of 3rd period - Wrist shot by John Tavares.
2:16 of 3rd period - Shot Blocked by Vladimir Tarasenko.
2:18 of 3rd period - Slapshot by Brian Lee.
2:18 of 3rd period - Deflect By David Legwand.
2:18 of 3rd period - Stopped by Jonathan Quick without a rebound.
2:19 of 3rd period - David Legwand wins face-off versus John Tavares in Islanders zone.
2:36 of 3rd period - Ryan Ellis is hit by Michael Grabner.
3:02 of 3rd period - Wrist shot by John Tavares.
3:02 of 3rd period - Shot Blocked by Vladimir Tarasenko.
3:04 of 3rd period - Snap shot by Michael Grabner.
3:04 of 3rd period - Deflect By John Tavares.
3:04 of 3rd period - Shot Misses the Net.
3:04 of 3rd period - Puck is out of play.
3:05 of 3rd period - Joe Thornton wins face-off versus Alex Chiasson in Islanders zone.
3:14 of 3rd period - Slapshot by Mike Brown.
3:14 of 3rd period - Shot Misses the Net.
3:22 of 3rd period - Evander Kane is hit by Jussi Jokinen and loses puck.
3:43 of 3rd period - Cory Emmerton is hit by Maxim Talbot.
4:16 of 3rd period - Slapshot by Justin Falk.
4:16 of 3rd period - Stopped by Cory Schneider with a rebound.
4:18 of 3rd period - Wrist shot by Mike Brown.
4:18 of 3rd period - Shot Blocked by Michael Grabner.
4:20 of 3rd period - Snap shot by Evander Kane.
4:20 of 3rd period - Shot Misses the Net.
4:22 of 3rd period - Snap shot by Mike Brown.
4:22 of 3rd period - Stopped by Cory Schneider with a rebound.
4:24 of 3rd period - Wrist shot by T.J. Fast.
4:24 of 3rd period - Islanders goal is going for a video replay.
4:24 of 3rd period - The goal is good.
4:24 of 3rd period - Goal by T.J. Fast - Stars : 0 - Islanders : 3.
4:25 of 3rd period - Joe Thornton wins face-off versus John Tavares in neutral zone.
4:28 of 3rd period - Ian White is hit by Joe Thornton and loses puck.
4:58 of 3rd period - Snap shot by Cory Emmerton.
4:58 of 3rd period - Shot Misses the Net.
5:01 of 3rd period - Icing by Joe Thornton.
5:02 of 3rd period - Cory Emmerton wins face-off versus Joe Thornton in Islanders zone.
5:31 of 3rd period - Snap shot by Evander Kane.
5:31 of 3rd period - Stopped by Cory Schneider with a rebound.
5:33 of 3rd period - Wrist shot by Jay Bouwmeester.
5:33 of 3rd period - Shot Misses the Net.
5:35 of 3rd period - Slapshot by Joe Thornton.
5:35 of 3rd period - Stopped by Cory Schneider without a rebound.
5:36 of 3rd period - David Legwand wins face-off versus John Tavares in Stars zone.
6:03 of 3rd period - Brian Lee is hit by Maxim Talbot and loses puck.
6:33 of 3rd period - Slapshot by Tomas Plekanec.
6:33 of 3rd period - Stopped by Cory Schneider without a rebound.
6:34 of 3rd period - John Tavares wins face-off versus David Legwand in Stars zone.
6:41 of 3rd period - Wrist shot by Vladimir Tarasenko.
6:41 of 3rd period - Shot Blocked by Guillaume Latendresse.
7:26 of 3rd period - Snap shot by Mike Brown.
7:26 of 3rd period - Stopped by Cory Schneider with a rebound.
7:28 of 3rd period - Snap shot by Evander Kane.
7:28 of 3rd period - Shot Blocked by Evgeny Grachev.
7:30 of 3rd period - Slapshot by Fedor Tyutin.
7:30 of 3rd period - Shot Misses the Net.
7:54 of 3rd period - Backhand shot by John Tavares.
7:54 of 3rd period - Shot Blocked by Dustin Byfuglien.
8:06 of 3rd period - Wrist shot by Brian Lee.
8:06 of 3rd period - Stopped by Jonathan Quick without a rebound.
8:07 of 3rd period - Antoine Vermette wins face-off versus Tomas Plekanec in Islanders zone.
8:33 of 3rd period - Carl Klingberg is hit by B.J. Crombeen and loses puck.
8:42 of 3rd period - Snap shot by Cory Emmerton.
8:42 of 3rd period - Stopped by Jonathan Quick with a rebound.
8:44 of 3rd period - Slapshot by Paul Ladue.
8:44 of 3rd period - Deflect By Carl Klingberg.
8:44 of 3rd period - Stopped by Jonathan Quick with a rebound.
8:46 of 3rd period - Snap shot by Paul Ladue.
8:46 of 3rd period - Shot Misses the Net.
9:07 of 3rd period - Vladimir Tarasenko is hit by Paul Ladue and loses puck.
9:13 of 3rd period - Icing by David Legwand.
9:14 of 3rd period - Antoine Vermette wins face-off versus David Legwand in Islanders zone.
9:19 of 3rd period - Snap shot by Alex Chiasson.
9:19 of 3rd period - Stopped by Jonathan Quick with a rebound.
9:21 of 3rd period - Slapshot by Alex Chiasson.
9:21 of 3rd period - Deflect By Jussi Jokinen.
9:21 of 3rd period - Shot Misses the Net.
9:21 of 3rd period - Puck is out of play.
9:22 of 3rd period - Antoine Vermette wins face-off versus Joe Thornton in Islanders zone.
9:37 of 3rd period - Wrist shot by Joe Thornton.
9:37 of 3rd period - Shot Misses the Net.
9:56 of 3rd period - Wrist shot by Zac Rinaldo.
9:56 of 3rd period - Shot Blocked by Brian Lee.
9:58 of 3rd period - Slapshot by Ryan Ellis.
9:58 of 3rd period - Deflect By Zac Rinaldo.
9:58 of 3rd period - Shot Misses the Net.
9:58 of 3rd period - Puck is out of play.
9:59 of 3rd period - Joe Thornton wins face-off versus John Tavares in Stars zone.
10:06 of 3rd period - Slapshot by Guillaume Latendresse.
10:06 of 3rd period - Shot Misses the Net.
10:08 of 3rd period - Slapshot by Brian Lee.
10:08 of 3rd period - Shot Hit the Post.
10:10 of 3rd period - Snap shot by Brian Lee.
10:10 of 3rd period - Stopped by Jonathan Quick without a rebound.
10:11 of 3rd period - John Tavares wins face-off versus David Legwand in Islanders zone.
10:16 of 3rd period - Snap shot by Michael Grabner.
10:16 of 3rd period - Shot Misses the Net.
10:36 of 3rd period - Ryan Ellis is hit by Jussi Jokinen and loses puck.
10:47 of 3rd period - Slapshot by Evander Kane.
10:47 of 3rd period - Shot Misses the Net.
10:59 of 3rd period - Wrist shot by B.J. Crombeen.
10:59 of 3rd period - Shot Blocked by Jiri Hudler.
12:19 of 3rd period - Ryan Ellis is hit by B.J. Crombeen and loses puck.
12:28 of 3rd period - Slapshot by B.J. Crombeen.
12:28 of 3rd period - Shot Misses the Net.
12:30 of 3rd period - Snap shot by Boris Valabik.
12:30 of 3rd period - Deflect By Maxim Talbot.
12:30 of 3rd period - Goal by Boris Valabik - Stars : 1 - Islanders : 3.
12:31 of 3rd period - John Tavares wins face-off versus Vladimir Tarasenko in neutral zone.
13:20 of 3rd period - Slapshot by Michael Grabner.
13:20 of 3rd period - Deflect By Guillaume Latendresse.
13:20 of 3rd period - Shot Blocked by Jay Bouwmeester.
13:20 of 3rd period - Puck is out of play.
13:21 of 3rd period - Joe Thornton wins face-off versus Antoine Vermette in Islanders zone.
13:21 of 3rd period - Joe Thornton is hit by Jussi Jokinen.
13:31 of 3rd period - Wrist shot by Evander Kane.
13:31 of 3rd period - Shot Blocked by Brian Lee.
14:01 of 3rd period - Wrist shot by Evgeny Grachev.
14:01 of 3rd period - Shot Misses the Net.
14:03 of 3rd period - Minor Penalty to Dustin Byfuglien for Holding.
14:04 of 3rd period - Joe Thornton wins face-off versus John Tavares in Islanders zone.
15:05 of 3rd period - Snap shot by Alex Chiasson.
15:05 of 3rd period - Stopped by Jonathan Quick without a rebound.
15:06 of 3rd period - Joe Thornton wins face-off versus John Tavares in Islanders zone.
15:21 of 3rd period - Wrist shot by John Tavares.
15:21 of 3rd period - Shot Misses the Net.
15:23 of 3rd period - Snap shot by John Tavares.
15:23 of 3rd period - Goal by John Tavares - Stars : 2 - Islanders : 3.
15:24 of 3rd period - John Tavares wins face-off versus Maxim Talbot in neutral zone.
15:53 of 3rd period - Slapshot by Michael Grabner.
15:53 of 3rd period - Stopped by Jonathan Quick without a rebound.
15:54 of 3rd period - Cory Emmerton wins face-off versus Tomas Plekanec in Islanders zone.
15:55 of 3rd period - Wrist shot by B.J. Crombeen.
15:55 of 3rd period - Shot Misses the Net.
15:57 of 3rd period - Snap shot by Alexander Frolov.
15:57 of 3rd period - Shot Misses the Net.
16:01 of 3rd period - Wrist shot by Cory Emmerton.
16:01 of 3rd period - Shot Misses the Net.
16:03 of 3rd period - Wrist shot by Alexander Frolov.
16:03 of 3rd period - Stopped by Jonathan Quick without a rebound.
16:04 of 3rd period - Maxim Talbot wins face-off versus B.J. Crombeen in Islanders zone.
16:15 of 3rd period - Wrist shot by Tomas Fleischmann.
16:15 of 3rd period - Stopped by Cory Schneider without a rebound.
16:16 of 3rd period - Maxim Talbot wins face-off versus John Tavares in Stars zone.
16:17 of 3rd period - Slapshot by Ryan Ellis.
16:17 of 3rd period - Shot Misses the Net.
16:22 of 3rd period - Icing by Brian Lee.
16:23 of 3rd period - John Tavares wins face-off versus Tomas Fleischmann in Stars zone.
17:23 of 3rd period - Slapshot by Ryan Ellis.
17:23 of 3rd period - Shot Misses the Net.
17:25 of 3rd period - Slapshot by Maxim Talbot.
17:25 of 3rd period - Goal by Maxim Talbot - Stars : 2 - Islanders : 4.
17:26 of 3rd period - Cory Emmerton wins face-off versus Tomas Plekanec in neutral zone.
17:37 of 3rd period - Slapshot by Shane O'Brien.
17:37 of 3rd period - Stopped by Jonathan Quick without a rebound.
17:38 of 3rd period - Tomas Plekanec wins face-off versus Cory Emmerton in Islanders zone.
17:46 of 3rd period - Minor Penalty to Adam Pineault for Holding.
17:47 of 3rd period - Guillaume Latendresse wins face-off versus Joe Thornton in Islanders zone.
18:00 of 3rd period - Slapshot by Brian Lee.
18:00 of 3rd period - Shot Misses the Net.
18:02 of 3rd period - Wrist shot by John Tavares.
18:02 of 3rd period - Shot Blocked by Justin Falk.
18:04 of 3rd period - Snap shot by Guillaume Latendresse.
18:04 of 3rd period - Shot Misses the Net.
18:24 of 3rd period - Snap shot by Maxim Talbot.
18:24 of 3rd period - Stopped by Cory Schneider with a rebound.
19:12 of 3rd period - Boris Valabik is hit by Justin Falk and loses puck.
19:26 of 3rd period - Ian White is hit by Zac Rinaldo and loses puck.
19:46 of 3rd period - Penalty to Adam Pineault is over, Adam Pineault is back on ice.
Goals for this period are 2 for Stars vs 3 for Islanders.
Shots for this period are 13 for Stars vs 11 for Islanders.